 Dungeon Crawl Stone Soup version 0.31.0-12-g77e489cdc1 (webtiles) character file.

Game seed: 3893487140745483237

163 Couri the Digger (level 5, -1/28 HPs)
             Began as a Gargoyle Earth Elementalist on Feb 20, 2024.
             Was an Initiate of Vehumet.
             Slain by Edmund
             ... wielding a +4 flail of pain
              (5 damage)
             ... on level 4 of the Dungeon.
             The game lasted 00:09:53 (2976 turns).

Couri the Digger (Gargoyle Earth Elementalist)      Turns: 2976, Time: 00:09:54

Health: -1/28      AC:  6    Str: 12    XL:     5   Next: 44%
Magic:  3/9        EV: 11    Int: 17    God:    Vehumet [......]
Gold:   57         SH:  0    Dex: 10    Spells: 9/10 levels left

rFire   . . .        j - +0 dagger (elec)
rCold   . . .        (no shield)
rNeg    + . .        a - +0 robe
rPois   ∞            (no helmet)
rElec   +            (no cloak)
rCorr   .            (no gloves)
SInv    .            (no boots)
Will    .....        (no amulet)
Stlth   ++           (no ring)
HPRegen 0.24/turn    (no ring)
MPRegen 0.11/turn

%: no passive effects
@: about to teleport
A: sickness immunity, AC +4, negative energy resistance 1, electricity
resistance, torment resistance 1, petrification resistance
a: Renounce Religion


You were on level 4 of the Dungeon.
You worshipped Vehumet.
Vehumet was noncommittal.
You visited 2 branches of the dungeon, and saw 5 of its levels.

You collected 145 gold pieces.
You spent 88 gold pieces at shops.

Inventory:

Hand Weapons
 g - a +0 whip
 j - a +0 dagger of electrocution (weapon)
Armour
 a - a +0 robe (worn)
 i - a +1 cloak
 n - a +2 scale mail of cold resistance
Scrolls
 e - 4 scrolls of amnesia
 o - a scroll of brand weapon
 p - 2 scrolls of enchant armour
 q - a scroll of poison {unknown}
Potions
 b - a potion of magic
 c - a potion of mutation
 d - a potion of brilliance
 f - a potion of haste
 h - 4 potions of curing {unknown}
 m - a potion of cancellation {unknown}


   Skills:
 - Level 1.5 Dodging
 - Level 2.2 Stealth
 + Level 3.3 Spellcasting
 - Level 1.1 Conjurations
 * Level 6.2 Earth Magic


You had 9 spell levels left.
You knew the following spells:

 Your Spells              Type           Power      Damage    Failure   Level
a - Sandblast             Erth           46%        2d11      1%          1

Your spell library contained the following spells:

 Spells                   Type           Power      Damage    Failure   Level
 Passwall                 Erth           23%        N/A       4%          3
 Stone Arrow              Conj/Erth      30%        3d8       11%         3
 Sting                    Conj/Alch      16%        1d4       14%         1
 Apportation              Tloc           4%         N/A       17%         1
 Necrotise                Necr           8%         1d4       17%         1
 Summon Small Mammal      Summ           8%         N/A       17%         1
 Brom's Barrelling Bould  Conj/Erth      15%        2d4       36%         4
 Animate Armour           Summ/Erth      26%        N/A       43%         4
 Petrify                  Alch/Erth      13%        N/A       43%         4
 Lehudib's Crystal Spear  Conj/Erth      7%         10d3      100%        8


Dungeon Overview and Level Annotations

Branches:
Dungeon (4/15)             Temple (1/1) D:4

Altars:
Ashenzari
Cheibriados
Dithmenos
Elyvilon
Fedhas
Gozag
Kikubaaqudgha
Nemelex Xobeh
Sif Muna
Trog
Uskayaw
Vehumet
Wu Jian
Yredelemnul
The Shining One

Shops:
D:1 ?   D:4 ?

Annotations:
D:4 Edmund
Temple 2 transporters


Innate Abilities, Weirdness & Mutations

You are immune to sickness and miasma.
Your stone body is resilient. (AC +4)
You are immune to poison.
You resist negative energy. (rN+)
You are resistant to electric shocks. (rElec)
You are resistant to unholy torment.
You are immune to petrification.


Message History

Aim: Edmund, wielding a +4 flail of pain and wearing a +0 leather armour (moderately wounded, 83% to hit)
The blast of sand misses Edmund.
Edmund barely misses you.
Casting: Sandblast (safe; 1% risk of failure)
Confirm with . or Enter, or press ? or * to list all spells.
You don't know that spell.
Casting: Sandblast (safe; 1% risk of failure)
Confirm with . or Enter, or press ? or * to list all spells.
Aiming: Sandblast (safe; 1% risk of failure)
Press: ? - help, Shift-Dir - straight line, f/p - Edmund
Aim: Edmund, wielding a +4 flail of pain and wearing a +0 leather armour (moderately wounded, 83% to hit)
The blast of sand hits Edmund!
Edmund is heavily wounded.
Edmund hits you with a +4 flail of pain!
Edmund hits you with a +4 flail of pain.
You writhe in agony.
Okay, then.
Casting: Sandblast (safe; 1% risk of failure)
Confirm with . or Enter, or press ? or * to list all spells.
Aiming: Sandblast (safe; 1% risk of failure)
Press: ? - help, Shift-Dir - straight line, f/p - Edmund
Aim: Edmund, wielding a +4 flail of pain and wearing a +0 leather armour (heavily wounded, 83% to hit)
The blast of sand hits Edmund.
Edmund is heavily wounded.
Edmund hits you but does no damage.
Casting: Sandblast (safe; 1% risk of failure)
Confirm with . or Enter, or press ? or * to list all spells.
Aiming: Sandblast (safe; 1% risk of failure)
Press: ? - help, Shift-Dir - straight line, f/p - Edmund
Aim: Edmund, wielding a +4 flail of pain and wearing a +0 leather armour (heavily wounded, 83% to hit)
The blast of sand hits Edmund!
Edmund is severely wounded.
Edmund hits you with a +4 flail of pain.
* * * LOW HITPOINT WARNING * * *
Edmund hits you with a +4 flail of pain.
* * * LOW HITPOINT WARNING * * *
As you read the scroll of teleportation, it crumbles to dust.
You feel strangely unstable.
Edmund hits you with a +4 flail of pain.
You die...
Edmund whines, "They better pay attention to me now!"

..............#
....#.......#..?
#.....).......##
..#.#.#.#.#.#.#
..#....h......#
#####.####### #.
#†#
##...########.####
.......@@hh......#
.###############.#
#.# #.# ########.#
#......#.##
######.#..# #..♣.#
#♣.∩.♣


You could see Edmund and 2 jackals.

Vanquished Creatures
  Jessica (D:2)
  2 orc wizards (D:2)
  2 adders
  3 orcs (D:2)
  4 endoplasms (D:1)
  3 giant cockroaches
  3 goblins
  7 hobgoblins
  3 jackals
  6 kobolds
  7 quokkas
  6 ball pythons
  6 bats
  4 frilled lizards
  3 rats
60 creatures vanquished.

Notes
Turn   | Place    | Note
-------+----------+-------------------------------------------
     0 | D:1      | Couri the Gargoyle Earth Elementalist began the quest for
                  | the Orb.
     0 | D:1      | Reached XP level 1. HP: 10/10 MP: 3/3
   269 | D:1      | Reached skill level 4 in Earth Magic
   269 | D:1      | Reached XP level 2. HP: 15/15 MP: 1/5
   477 | D:1      | Found The Oracle's Delphic Readings.
   733 | D:1      | Reached XP level 3. HP: 19/19 MP: 4/6
  1477 | D:2      | Noticed Jessica
  1483 | D:2      | Killed Jessica
  1484 | D:2      | Reached skill level 5 in Earth Magic
  1484 | D:2      | Reached XP level 4. HP: 16/24 MP: 4/8
  1735 | D:2      | Reached XP level 5. HP: 22/28 MP: 2/9
  2504 | D:3      | Reached skill level 6 in Earth Magic
  2544 | D:3      | Found a broken altar of Ashenzari.
  2730 | D:3      | Found a snail-covered altar of Cheibriados.
  2793 | D:3      | You fall into a shaft and drop 1 floor!
  2857 | D:4      | Found Masian's Magic Scroll Emporium.
  2860 | D:4      | Bought a scroll of identify for 22 gold pieces
  2860 | D:4      | Bought a scroll of identify for 22 gold pieces
  2860 | D:4      | Bought a scroll of identify for 22 gold pieces
  2860 | D:4      | Bought a scroll of identify for 22 gold pieces
  2885 | D:4      | Found a staircase to the Ecumenical Temple.
  2900 | Temple   | Found a transporter.
  2900 | Temple   | Found a transporter.
  2900 | Temple   | Found a transporter.
  2900 | Temple   | Found a transporter.
  2900 | Temple   | Entered the Ecumenical Temple
  2926 | Temple   | Became a worshipper of Vehumet
  2945 | D:4      | Noticed Edmund
  2976 | D:4      | Slain by Edmund

Illustrated notes

Levels and vault maps discovered:
D:1:      amcnicky_arrival_wind_blow, layout_basic, st_stairs_10,
          nicolae_nh_oracle_at_delphi
D:2:      layout_loops_ring, serial_forest, infiniplex_forest_clump_medium,
          infiniplex_forest_clump_double, infiniplex_forest_corner_1,
          infiniplex_forest_lined_2, infiniplex_forest_clump_small,
          infiniplex_forest_lined_1, infiniplex_forest_end_double,
          infiniplex_forest_lined_3_way, uniq_jessica
D:3:      layout_basic, cheibrodos_ashenzari_chains, lemuel_crystal_altar,
          uniq_natasha
D:4:      layout_loops_ring, old_standard_altar,
          mainiacjoe_overflow_cross_hatched, minmay_temple_entry_glass,
          serial_shops, nicolae_shop_trees, supply_closet_lemuel,
          kennysheep_big_empty_room, nicolae_elemental_shop, uniq_eustachio,
          uniq_edmund
Temple:   hellmonk_temple_divided_pantheon

Skill      XL: |  1  2  3  4  5 |
---------------+----------------+-----
Earth Magic    | 4 5 6 |  6.2
Spellcasting   | 3 |  3.3
Dodging        | |  1.5
Stealth        | |  2.2
Conjurations   | |  1.1

Action                     |  1- 3 |  4- 6 || total
---------------------------+-------+-------++-------
  Melee: Unarmed           |     9 |       ||     9
         Dagger            |       |     3 ||     3
   Cast: Sandblast         |    45 |    48 ||    93
    Use: Scroll            |       |     8 ||     8
 Armour: Robe              |    21 |    23 ||    44
  Dodge: Dodged            |    38 |    14 ||    52
